cohdb
Replays
Latest Replays
All Replays
Popular Replays
Top Player Replays
Match Explorer
How It Works
Community
CoH3 Stats
Reddit
Sign in to upload your games and track your stats! →
Sign in with Steam
Match 43536939
Unlisted
Match 43536939
Overview
Messages
Build Orders
End
Construct Infanterie Kompanie
Selects Luftwaffe Battlegroup
Selects Luftwaffe Pioneer Support
Fallschirmpioneer Squad Paradrop
MG 42 Machine Gun Team
GrW 34 Mortar Team
Construct Luftwaffe Kompanie
Selects Stuka Strafing Run
Support Elements
Fallschirmpioneer Squad Paradrop
Stuka Strafing Run
Jäger Squad
Fallschirmpioneer Squad Paradrop
Construct Panzergrenadier Kompanie
Selects Fallschirmjäger Squad Paradrop
Nebelwerfer 42 Rocket Launcher Team
StuG III G Assault Gun
Fallschirmpioneer Squad Paradrop
Selects Stuka Loiter
Joraad
ToxinX
flinke
Jason Bourne
??????
Hanseatic_Hazard
8200
Krayola
0
0
Comments
sign in to comment!
No comments posted yet!